 Dungeon Sprint DCSS version 0.20-a0-1124-g2e29d97 (webtiles) character file.

203 Deathtrap2010 the Covered (level 5, -2/47 HPs)
             Began as a Demonspawn Fighter on May 16, 2017.
             Slain by a neqoxec (10 damage)
             ... in the Dungeon (Sprint II: "The Violet Keep of Menkaure").
             The game lasted 00:01:23 (40 turns).

Deathtrap2010 the Covered (Demonspawn Fighter)        Turns: 40, Time: 00:01:23

Health: -2/47      AC: 13    Str: 22    XL:     5   Next: 51%
Magic:  5/5        EV:  9    Int:  9    God:
Gold:   0          SH: 10    Dex: 13    Spells: 4/4 levels left

rFire    . . .     SeeInvis .   a - +0 war axe
rCold    . . .     Gourm    .   c - +0 shield
rNeg     . . .     Faith    .   b - +0 scale mail
rPois    .         Spirit   .   (no helmet)
rElec    .         Reflect  .   (no cloak)
rCorr    .         Harm     .   (no gloves)
MR       .....     NoTele   +   (no boots)
Stlth    ..........             (no amulet)
Regen    0.2/turn               (no ring)
MPRegen  0.1/turn               (no ring)

@: mighty, sanguine armour
A: blurry vision 1, demonic guardian 2, sanguine armour 1
a: no special abilities


You were in the Dungeon.
You were not hungry.

You visited 1 branch

Inventory:

Hand Weapons
 a - a +0 war axe (weapon)
Armour
 b - a +0 scale mail (worn)
 c - a +0 shield (worn)
Scrolls
 k - a scroll of blinking
Potions
 i - 2 potions of magic
Comestibles
 f - a bread ration


   Skills:
 * Level 6.6 Fighting
 * Level 3.1 Axes
 * Level 6.8 Armour
 * Level 1.8 Dodging
 * Level 6.2 Shields


You had 4 spell levels left.
You didn't know any spells.

Dungeon Overview and Level Annotations

Branches:
Dungeon (1/1)

Altars:

Annotations:
D exclusion: ice statue


Innate Abilities, Weirdness & Mutations

A demonic guardian rushes to your aid.
When seriously injured, your bleeding wounds create armour. (AC +6)
Scrolls take you a little longer to read.


Message History

Marking area around the ice statue as unsafe for travelling.
A neqoxec comes into view.
The neqoxec shouts!
The neqoxec gestures at you.
Strange energies course through your body.
Your vision blurs.
You slash the neqoxec!
The neqoxec is heavily wounded.
You block the neqoxec's attack.
The neqoxec hits you but does no damage.
You closely miss the neqoxec.
The neqoxec is heavily wounded.
The neqoxec hits you but does no damage.
You block the neqoxec's attack.
You closely miss the neqoxec.
The neqoxec is heavily wounded.
You feel yourself speed up.
Your quasit disappears in a puff of smoke!
The neqoxec hits you!
You die...

§§§ .§8
§§ §§
+++#
...
##§##
#.3@##
#..##§#
####.##
#'##
##.##
+.<.+
##.##
#+#


You could see an ice statue and a neqoxec.

Vanquished Creatures
  A neqoxec (D)
1 creature vanquished.

Vanquished Creatures (collateral kills)
  A neqoxec (D)
1 creature vanquished.

Vanquished Creatures (others)
  Menkaure (D)
1 creature vanquished.

Grand Total: 3 creatures vanquished

Notes
Turn   | Place    | Note
-------+----------+-------------------------------------------
     0 | D        | Deathtrap2010 the Demonspawn Fighter began the quest for the Orb.
     0 | D        | Reached XP level 1. HP: 18/18 MP: 1/1
     1 | D        | Noticed a neqoxec
     2 | D        | Noticed an iron imp
    10 | D        | Noticed a neqoxec
    15 | D        | Killed a neqoxec
    15 | D        | Reached skill level 5 in Fighting
    15 | D        | Reached skill level 5 in Armour
    15 | D        | Reached skill level 5 in Shields
    15 | D        | Gained mutation: A weak demonic guardian rushes to your aid. [demonic ancestry]
    15 | D        | Reached XP level 2. HP: 11/28 MP: 2/2
    15 | D        | Reached XP level 3. HP: 13/34 MP: 3/3
    15 | D        | Gained mutation: When seriously injured, your bleeding wounds create armour. (AC +6) [demonic ancestry]
    15 | D        | Reached XP level 4. HP: 15/40 MP: 4/4
    19 | D        | Killed Menkaure
    19 | D        | HP: 2/40 [neqoxec (6)]
    32 | D        | Killed a neqoxec
    32 | D        | Reached skill level 1 in Dodging
    32 | D        | Gained mutation: A demonic guardian rushes to your aid. [demonic ancestry]
    32 | D        | Reached XP level 5. HP: 6/47 MP: 5/5
    37 | D        | Noticed an ice statue
    37 | D        | Noticed a neqoxec
    37 | D        | Gained mutation: Scrolls take you a little longer to read. [a neqoxec]
    40 | D        | Slain by a neqoxec

Vault maps used:
D:        the_violet_keep_of_menkaure

Skill      XL: |  1  2  3  4 |
---------------+-------------+-----
Fighting       | 5 6 |  6.6
Axes           | 2 3 |  3.1
Armour         | 5 6 |  6.8
Shields        | 5 6 |  6.2
Dodging        | 1 |  1.8

Action                   |  1- 3 |  4- 6 || total
-------------------------+-------+-------++-------
Melee: War axe           |     8 |     9 ||    17
  Use: Potion            |     4 |     1 ||     5
Armor: Scale mail        |       |     3 ||     3
Dodge: Dodged            |     1 |     2 ||     3
Block: Shield            |     3 |     7 ||    10
